Map: Oxide LE

Players

ButAlways

  • Race: Protoss Protoss

MysteryMan - Winner!

  • Race: Zerg Zerg

VOD

Have the link to the VOD?

Description

Time

  • Played on: Sept. 29, 2021, 9:04 a.m.
  • Length: 10:12
Show
View Real Time Build Order
Export as new Build Order

ButAlways Protoss 

Build Orders: 1 Gate Expand 

Get SALT Encoding   

  12  0:00  Probe  
  13  0:12  Probe  
  14  0:19  Pylon  
  14  0:24  Probe  
  15  0:37  Probe (Chrono Boost)  
  15  0:38  Gateway  
  16  0:47  Assimilator, Probe (Chrono Boost)  
  17  0:52  Probe (Chrono Boost)  
  18  1:03  Probe  
  19  1:15  Probe  
  20  1:25  Nexus  
  20  1:35  Cybernetics Core  
  20  1:38  Probe  
  21  1:45  Assimilator  
  21  1:50  Probe  
  22  1:55  Pylon  
  22  2:02  Probe (Chrono Boost)  
  23  2:11  Adept (Chrono Boost)  
  23  2:15  Probe (Chrono Boost)  
  26  2:22  Probe (Chrono Boost), Stargate  
  27  2:26  Warp Gate  
  27  2:30  Probe (Chrono Boost)  
  27  2:36  Adept  
  30  2:39  Probe (Chrono Boost)  
  32  2:47  Probe (Chrono Boost)  
  32  2:48  Probe (Chrono Boost)  
  33  2:53  Probe x2 (Chrono Boost)  
  35  2:59  Void Ray (Chrono Boost)  
  35  3:05  Probe x2  
  41  3:17  Gateway, Probe x2  
  43  3:23  Pylon  
  43  3:29  Probe x2  
  45  3:38  Pylon  
  45  3:42  Fleet Beacon  
  45  3:44  Probe  
  45  3:45  Probe  
  47  3:56  Probe  
  47  3:57  Probe  
  49  4:03  Pylon  
  50  4:10  Nexus, Probe x2  
  51  4:22  Probe, Tempest (Chrono Boost)  
  52  4:29  Assimilator x2, Probe  
  58  4:34  Probe  
  58  4:36  Forge  
  59  4:41  Probe  
  60  4:46  Probe  
  60  4:47  Pylon  
  61  4:53  Probe  
  61  4:54  Tempest (Chrono Boost)  
  61  4:58  Probe  
  68  5:05  Probe  
  69  5:07  Stargate  
  69  5:10  Probe  
  69  5:12  Photon Cannon  
  69  5:14  Shield Battery  
  70  5:17  Probe  
  71  5:21  Stalker  
  71  5:22  Stalker  
  71  5:24  Probe x2  
  71  5:27  Shield Battery  
  77  5:30  Tempest (Chrono Boost)  
  82  5:40  Shield Battery  
  82  5:41  Probe x2  
  84  5:43  Probe  
  85  5:53  Photon Cannon  
  85  5:54  Shield Battery  
  85  5:55  Pylon  
  85  6:00  Tempest  
  85  6:03  Shield Battery  
  87  6:07  Stalker x2  
  81  6:17  Pylon  
  81  6:18  Pylon  
  73  6:31  Probe x2  
  73  6:32  Probe  
  56  6:43  Probe  
  56  6:45  Tempest  
  61  6:47  Zealot  
  61  6:48  Photon Cannon  
  61  6:49  Probe  
  58  6:58  Pylon  
  58  6:59  Probe  
  58  7:05  Probe  
  58  7:07  Probe  
  52  7:27  Probe (Chrono Boost)  
  50  7:32  Zealot  
  50  7:33  Probe x2 (Chrono Boost)  
  53  7:44  Probe x2 (Chrono Boost)  
  53  7:49  Probe x2 (Chrono Boost)  
  55  7:57  Pylon  
  55  7:59  Probe  
  55  8:00  Probe  
  55  8:02  Sentry  
  59  8:15  Void Ray  
  59  8:24  Probe (Chrono Boost)  
  59  8:25  Probe (Chrono Boost)  
  65  8:34  Void Ray  
  65  8:36  Probe (Chrono Boost)  
  71  8:42  Probe (Chrono Boost)  
  71  8:43  Probe (Chrono Boost)  
  71  8:48  Probe  
  73  8:50  Probe  
  74  9:00  Probe  
  74  9:02  Probe  
  66  9:12  Probe  
  66  9:13  Void Ray x2 (Chrono Boost)  
  66  9:14  Probe  
  67  9:24  Probe  
  67  9:27  Stalker x2  
  73  9:35  Shield Battery x2  
  72  9:40  Pylon  
  72  9:46  Probe  
  72  9:52  Gateway  
  60  9:53  Gateway  
  60  9:58  Stalker  
Show
View Real Time Build Order
Export as new Build Order

MysteryMan Zerg - Winner!

Build Orders: Hatch First 

Get SALT Encoding   

  12  0:00  Drone  
  13  0:11  Overlord  
  13  0:16  Drone  
  14  0:30  Drone x2  
  16  0:51  Drone, Hatchery  
  16  0:54  Drone  
  17  0:58  Drone  
  18  1:08  Extractor  
  17  1:14  Spawning Pool  
  17  1:17  Drone  
  17  1:20  Drone  
  18  1:27  Drone  
  19  1:38  Drone  
  20  1:49  Overlord  
  20  2:00  Queen  
  22  2:02  Queen  
  22  2:03  Zergling x4  
  26  2:09  Metabolic Boost  
  26  2:10  Drone  
  27  2:17  Drone  
  27  2:21  Drone  
  29  2:25  Drone  
  30  2:32  Drone  
  31  2:42  Hatchery  
  31  2:43  Drone  
  31  2:49  Queen  
  33  2:54  Zergling x4  
  35  2:58  Overlord  
  35  3:04  Drone  
  36  3:19  Drone x3  
  40  3:20  Drone, Overlord  
  40  3:21  Drone  
  41  3:27  Queen  
  41  3:29  Drone  
  44  3:36  Spore Crawler  
  44  3:39  Overlord  
  43  3:41  Roach Warren  
  43  3:45  Drone x2  
  43  3:50  Drone x2  
  43  3:51  Drone  
  43  3:55  Spore Crawler  
  45  4:00  Drone  
  45  4:01  Drone x2, Extractor  
  47  4:06  Queen  
  47  4:08  Drone  
  50  4:12  Drone  
  50  4:16  Drone x3  
  54  4:20  Overlord  
  54  4:23  Drone  
  54  4:24  Drone, Extractor  
  56  4:27  Overlord  
  56  4:29  Drone  
  56  4:33  Drone x2  
  56  4:34  Extractor  
  56  4:35  Drone  
  58  4:39  Queen  
  58  4:43  Overlord  
  60  4:48  Drone x3  
  60  4:51  Overlord  
  63  4:57  Roach x2  
  67  5:00  Overlord  
  67  5:02  Roach  
  69  5:07  Roach x2  
  69  5:11  Roach x2  
  77  5:14  Queen  
  77  5:19  Roach x2  
  83  5:24  Ravager x2  
  83  5:27  Ravager  
  83  5:28  Overlord  
  86  5:29  Spore Crawler  
  85  5:36  Zergling x8  
  85  5:37  Ravager x2  
  90  5:43  Zergling x10  
  90  5:45  Spore Crawler  
  91  5:54  Zergling x12  
  94  6:04  Zergling x2  
  94  6:05  Zergling x4  
  94  6:13  Lair  
  87  6:20  Zergling x2  
  87  6:21  Zergling x14  
  86  6:28  Zergling x2  
  86  6:29  Queen  
  86  6:30  Queen  
  88  6:36  Zergling x2  
  88  6:37  Zergling x4  
  85  6:44  Zergling x4  
  81  6:50  Zergling x2  
  74  7:03  Zergling x12  
  76  7:09  Drone x2  
  76  7:14  Drone  
  73  7:17  Drone x2  
  73  7:21  Drone  
  71  7:23  Queen  
  71  7:26  Drone x2  
  71  7:27  Spire  
  70  7:32  Drone  
  70  7:35  Queen  
  71  7:38  Queen  
  71  7:42  Spore Crawler  
  70  7:45  Drone x4  
  70  7:48  Spore Crawler  
  72  7:52  Spore Crawler  
  69  8:01  Queen  
  69  8:02  Overlord  
  71  8:15  Burrow  
  69  8:21  Queen  
  71  8:38  Corruptor x8  
  71  8:41  Hatchery  
  84  8:43  Drone x3  
  84  8:48  Corruptor  
  87  8:55  Corruptor x2  
  88  9:00  Corruptor  
  90  9:06  Spore Crawler  
  85  9:12  Drone  
  85  9:13  Drone x6  
  85  9:14  Drone  
  93  9:20  Zergling x8  
  97  9:26  Zergling x2  
  97  9:27  Zergling x4  
  98  9:32  Queen  
  98  9:37  Corruptor x2  
  104  9:42  Baneling Nest  
  103  9:57  Roach Warren  
Tags
 
Add a new tag
Caveats
  • Supply blocks, unpowered buildings, or Contaminate may cause inaccurate times.
  • Supply counts are checked every 10 seconds.